 Dungeon Crawl Stone Soup version 0.30-a0-859-gf88a04b62d (webtiles) character file.

Game seed: 14879938576373794523

92 BubbleThief the Firebug (level 4, 0/42 HPs)
             Began as a Naga Cinder Acolyte on Mar 6, 2023.
             Was a High Priest of Ignis.
             Slain by a gnoll
             ... wielding a +0 whip
              (6 damage)
             ... on level 2 of the Dungeon.
             The game lasted 00:01:52 (1332 turns).

BubbleThief the Firebug (Naga Cinder Acolyte)       Turns: 1332, Time: 00:01:53

Health: 0/42       AC:  2    Str: 16    XL:     4   Next: 60%
Magic:  2/8        EV:  5    Int: 17    God:    Ignis [*****.]
Gold:   41         SH:  0    Dex:  6    Spells: 6/8 levels left

rFire   + . .      SeeInvis +    a - -1 spear (flame)
rCold   . . .      Faith    .    (no shield)
rNeg    . . .      Spirit   .    b - +0 robe
rPois   +          Reflect  .    (no helmet)
rElec   .          Rampage  .    (no cloak)
rCorr   .                        (no gloves)
Will    .....                    (no barding)
Stlth   +                        (no amulet)
HPRegen 0.27/turn                (no ring)
MPRegen 0.11/turn                (no ring)

@: short of breath, held, very slow
A: AC +1, large, see invisible, deformed body, poison resistance, slowness 2,
spit poison 1, naga tail 1
a: Spit Poison, Renounce Religion, Fiery Armour, Foxfire Swarm, Rising Flame


You were on level 2 of the Dungeon.
You worshipped Ignis.
Ignis was extremely pleased with you.
You visited 1 branch of the dungeon, and saw 2 of its levels.

You collected 41 gold pieces.

Inventory:

Hand Weapons
 a - a -1 spear of flaming (weapon)
Armour
 b - a +0 robe (worn)
Scrolls
 c - 3 scrolls of teleportation {unknown}
 e - 2 scrolls of blinking {unknown}
 f - a scroll of poison {unknown}
 g - a scroll of enchant armour {unknown}
 h - a scroll of identify {unknown}
 j - a scroll of enchant weapon {unknown}
Potions
 d - a potion of heal wounds
 i - a potion of berserk rage {unknown}


   Skills:
 - Level 3.1 Fighting
 - Level 3.1 Polearms
 + Level 2.6 Spellcasting
 + Level 4.1 Fire Magic


You had 6 spell levels left.
You knew the following spells:

 Your Spells              Type           Power      Damage    Failure   Level
a - Scorch                Fire           32%        2d7       4%          2

Your spell library contained the following spells:

 Spells                   Type           Power      Damage    Failure   Level
 Lesser Beckoning         Tloc           4%         N/A       26%         2
 Dazzling Flash           Conj/Hex       4%         N/A       47%         3
 Gell's Gravitas          Tloc           2%         N/A       47%         3
 Teleport Other           Tloc           2%         N/A       47%         3
 Iskenderun's Mystic Bla  Conj/Tloc      2%         2d3       87%         4
 Starburst                Conj/Fire      4%         6d4       100%        6


Dungeon Overview and Level Annotations

Branches:
Dungeon (2/15)

Altars:


Innate Abilities, Weirdness & Mutations

Your serpentine skin is tough. (AC +1)
You have supernaturally acute eyesight. (SInv)
Armour fits poorly on your strangely shaped body.
Your system is resistant to poisons. (rPois)
You cover ground very slowly.
You can spit poison.
You have a snake-like lower body.


Message History

Casting: Scorch (safe; 5% risk of failure)
Confirm with . or Enter, or press ? or * to list all spells.
Flames lash the adder.
You kill the adder!
Unknown command.
Casting: Scorch (safe; 4% risk of failure)
Confirm with . or Enter, or press ? or * to list all spells.
Flames lash the gnoll.
The gnoll is moderately wounded.
The gnoll's fire resistance burns away.
You have got your breath back.
The gnoll hits you with a +0 whip.
You hit the gnoll. You burn the gnoll.
The gnoll is severely wounded.
The gnoll misses you.
You hit the gnoll but do no damage.
The gnoll is severely wounded.
The gnoll hits you with a +0 whip.
You hit the gnoll but do no damage.
The gnoll is severely wounded.
You closely miss the gnoll.
The gnoll is severely wounded.
The gnoll is no longer more vulnerable to fire.
The gnoll hits you with a +0 whip.
The gnoll throws a throwing net.
The throwing net hits you.
You become entangled in the net!
The gnoll hits you with a +0 whip!
You see here a throwing net.
You struggle against the net.
The gnoll barely misses you.
Aiming: Spit Poison (1% risk of failure)
Press: ? - help, Shift-Dir - straight line, f - gnoll
Aim: a gnoll, wielding a +0 whip (severely wounded, 65% to hit)
The splash of poison hits the gnoll but does no damage.
The gnoll is poisoned.
The gnoll is severely wounded.
The gnoll hits you with a +0 flail. The gnoll barely misses you.
Unknown command.
You tear a large gash into the net.
The gnoll hits you with a +0 flail!
* * * LOW HITPOINT WARNING * * *
The gnoll hits you with a +0 whip.
You die...

..... ###.# .... #...# ...
#.#.# .. ... #.#.# #. #.#
#.#.# #. #.# ##### #.#.# #.
###)##.#.... #.... #
##(#.##.gg...#...# #.###
#.##..#.##.#@####...#####.# #
#.#...#.##.#.#.........##.###
#..........#............†....
........####..........#####.
#####.##..# #.##....#### ##
..........### .##....#
###.#.....# .##....#
##.#.###.##.##.#.## #....#
#....##.#.#####...


You could see 2 gnolls.

Vanquished Creatures
  5 gnolls (D:2)
  2 adders (D:2)
  A worm (D:2)
  A bat (D:1)
  3 endoplasms
  A giant cockroach (D:1)
  A goblin (D:1)
  2 hobgoblins (D:1)
  A quokka (D:1)
  4 ball pythons
  A frilled lizard (D:1)
  2 kobolds (D:1)
  A rat (D:2)
25 creatures vanquished.

Notes
Turn   | Place    | Note
-------+----------+-------------------------------------------
     0 | D:1      | BubbleThief the Naga Cinder Acolyte began the quest for the
                  | Orb.
     0 | D:1      | Reached XP level 1. HP: 21/21 MP: 2/2
    71 | D:1      | Found a faded altar of an unknown god.
   255 | D:1      | Reached XP level 2. HP: 28/28 MP: 3/3
   258 | D:1      | Learned a level 2 spell: Scorch
  1140 | D:2      | Reached XP level 3. HP: 17/34 MP: 2/5
  1155 | D:2      | Reached XP level 4. HP: 30/42 MP: 1/7
  1232 | D:2      | Reached skill level 4 in Fire Magic
  1332 | D:2      | Slain by a gnoll

Illustrated notes

Levels and vault maps discovered:
D:1:      giann_forest_graveyard, layout_basic, basic_ecumenical_altar,
          roderic_roman_lattice, chequers_serial_rivers_micro_c
D:2:      layout_loops_ring

Skill      XL: |  1  2  3  4 |
---------------+-------------+-----
Spellcasting   | 2 |  2.6
Fire Magic     | 4 |  4.1
Fighting       | |  3.1
Polearms       | |  3.1

Action                     |  1- 3 |  4- 6 || total
---------------------------+-------+-------++-------
  Melee: Spear             |    36 |     7 ||    43
   Cast: Scorch            |    10 |     5 ||    15
 Invoke: Fiery Armour      |     1 |       ||     1
Ability: Spit Poison       |    13 |     2 ||    15
    Use: Potion            |     1 |       ||     1
 Armour: Robe              |     4 |       ||     4
  Dodge: Dodged            |    15 |     3 ||    18

Table legend: (Time is in decaauts)
 A = Elapsed time spent in this place.
 B = Non-inter-level travel time spent in this place.
 C = Inter-level travel time spent in this place.
 D = Time resting spent in this place.
 E = Time spent auto-exploring this place.
 F = Levels seen in this place.
 G = Mean time per level.
                   A        B        C        D        E       F      G
               +--------+--------+--------+--------+--------+-----+--------+
         Total |   1684 |   1659 |     25 |      0 |   1480 |   2 |  842.0 |
       Dungeon |   1684 |   1659 |     25 |      0 |   1480 |   2 |  842.0 |
               +--------+--------+--------+--------+--------+-----+--------+

Top non-repeatable levels by time:
     D:1: 1262 daAuts
     D:2: 422 daAuts
